Map: Oxide LE

Players

LiquidClem (Clem) - Winner!

  • Race: Terran Terran
  • League: Grandmaster

HeroMarine

  • Race: Terran Terran
  • League: Grandmaster

Event: DreamHack SC2 Masters 2021 Summer

VOD

Have the link to the VOD?

Description

Time

  • Played on: July 2, 2021, 9:38 a.m.
  • Length: 9:15

All games in this series

Show
View Real Time Build Order
Export as new Build Order

LiquidClem Terran - Winner!

Build Orders:  

Get SALT Encoding   

  12  0:00  SCV  
  13  0:12  SCV  
  14  0:17  Supply Depot  
  14  0:24  SCV  
  15  0:38  SCV  
  15  0:39  Barracks  
  16  0:43  Refinery  
  16  0:50  SCV  
  16  0:52  Refinery  
  17  1:02  SCV  
  18  1:15  SCV  
  19  1:25  Reaper  
  19  1:27  Orbital Command, Supply Depot  
  20  1:39  Factory  
  20  1:53  SCV  
  21  1:57  Reaper  
  22  2:05  SCV  
  23  2:17  SCV  
  23  2:19  Command Center  
  24  2:23  Hellion  
  24  2:29  SCV  
  27  2:30  Reaper  
  27  2:33  Supply Depot  
  28  2:41  SCV  
  29  2:44  Hellion  
  29  2:49  Starport  
  31  2:54  SCV  
  32  3:05  Barracks Tech Lab  
  32  3:06  Factory Tech Lab, SCV  
  33  3:18  SCV  
  33  3:19  Refinery  
  34  3:24  Cyclone  
  37  3:31  SCV  
  37  3:32  Orbital Command  
  38  3:37  Banshee  
  39  3:43  Barracks Reactor, SCV  
  40  3:55  SCV  
  41  3:57  SCV  
  41  4:00  Siege Tank  
  44  4:06  Supply Depot  
  44  4:07  SCV  
  44  4:09  SCV  
  43  4:19  SCV, Marine x2  
  43  4:22  SCV, Raven  
  48  4:28  Supply Depot  
  48  4:31  SCV  
  48  4:34  SCV  
  48  4:36  Marine x2  
  52  4:40  Siege Tank  
  52  4:43  SCV  
  56  4:46  Command Center  
  56  4:49  SCV  
  57  4:54  Marine x2  
  57  4:55  SCV  
  57  4:57  Supply Depot  
  60  5:01  SCV  
  60  5:05  Raven  
  63  5:07  SCV  
  63  5:08  Supply Depot  
  63  5:12  Marine x2  
  63  5:13  SCV  
  67  5:16  Refinery  
  67  5:19  SCV, Siege Tank  
  71  5:25  SCV  
  72  5:30  Marine  
  72  5:32  SCV, Supply Depot  
  72  5:33  Marine  
  72  5:38  SCV, Barracks  
  72  5:40  Barracks  
  73  5:45  SCV  
  74  5:51  SCV, Siege Tank  
  78  5:57  Viking x2  
  78  5:58  Supply Depot  
  78  6:01  Marine  
  83  6:06  SCV  
  83  6:07  SCV  
  85  6:12  Engineering Bay  
  85  6:14  Engineering Bay  
  85  6:18  SCV  
  85  6:19  Marine  
  85  6:20  SCV  
  76  6:27  Siege Tank  
  76  6:29  Barracks Reactor x2  
  76  6:30  Viking  
  76  6:31  Orbital Command  
  80  6:33  Viking  
  80  6:35  SCV  
  80  6:36  SCV  
  80  6:37  Marine  
  85  6:42  Stimpack  
  85  6:45  Terran Infantry Weapons Level 1  
  85  6:48  SCV  
  85  6:50  SCV, Supply Depot  
  85  6:52  Terran Infantry Armor Level 1  
  87  6:55  Marine  
  87  6:57  SCV  
  87  7:00  SCV  
  90  7:06  Barracks  
  90  7:07  Barracks, Siege Tank  
  93  7:10  Marine x3  
  93  7:12  Marine  
  93  7:13  SCV, Marine  
  93  7:14  SCV  
  93  7:15  SCV  
  101  7:22  Viking  
  103  7:23  Supply Depot  
  103  7:26  Viking  
  103  7:27  SCV x2  
  103  7:29  Marine x2  
  107  7:33  Marine x2  
  107  7:34  SCV, Marine  
  112  7:39  SCV  
  112  7:41  Siege Tank  
  116  7:45  Refinery  
  116  7:46  Refinery  
  116  7:47  Supply Depot  
  116  7:51  Marine x2  
  116  7:55  Barracks Reactor x2, Marine x2  
  116  7:56  Marine  
  121  8:02  Viking  
  122  8:09  Marine x2  
  122  8:12  Marine x2  
  120  8:13  SCV  
  120  8:14  Marine  
  120  8:19  Viking  
  120  8:24  SCV, Siege Tank  
  124  8:27  Marine x2  
  124  8:30  Marine x2  
  124  8:32  Marine  
  124  8:33  Marine x2  
  131  8:35  Marine x2  
  131  8:36  Armory  
  131  8:37  Medivac  
  135  8:42  SCV x3  
  135  8:45  Marine x2  
  135  8:48  Marine x2  
Show
View Real Time Build Order
Export as new Build Order

HeroMarine Terran 

Build Orders:  

Get SALT Encoding   

  12  0:00  SCV  
  13  0:12  SCV  
  14  0:17  Supply Depot  
  14  0:24  SCV  
  15  0:38  SCV  
  15  0:39  Barracks  
  16  0:42  Refinery  
  16  0:50  SCV  
  16  0:52  Refinery  
  17  1:02  SCV  
  18  1:14  SCV  
  19  1:26  Reaper, Orbital Command  
  19  1:29  Supply Depot  
  20  1:41  Factory  
  20  1:52  SCV  
  21  1:58  Reaper  
  22  2:04  SCV  
  23  2:16  SCV  
  23  2:19  Command Center  
  24  2:25  Hellion  
  24  2:28  SCV  
  27  2:31  Barracks Reactor  
  27  2:40  SCV  
  27  2:41  Starport  
  28  2:45  Supply Depot  
  28  2:47  Widow Mine  
  30  2:52  SCV  
  31  3:06  SCV  
  31  3:11  Factory Tech Lab, Marine x2  
  34  3:13  Refinery  
  34  3:18  SCV  
  34  3:19  Medivac  
  37  3:29  Marine x2  
  37  3:31  Orbital Command, SCV  
  40  3:37  Cyclone  
  41  3:43  SCV  
  41  3:46  Marine  
  41  3:47  Marine  
  42  3:55  SCV  
  39  3:58  SCV  
  38  4:04  Starport Tech Lab, Marine x2  
  38  4:07  SCV  
  39  4:11  SCV  
  39  4:12  Siege Tank  
  42  4:19  SCV  
  42  4:22  Marine x2  
  42  4:23  SCV  
  42  4:24  Raven  
  48  4:25  Supply Depot  
  48  4:31  SCV  
  48  4:35  SCV  
  50  4:39  Supply Depot  
  50  4:40  Marine x2  
  50  4:43  SCV  
  53  4:46  Siege Tank  
  53  4:47  SCV  
  57  4:57  SCV  
  57  4:58  Marine x2  
  57  4:59  SCV  
  61  5:00  Supply Depot  
  58  5:09  SCV  
  58  5:11  SCV  
  57  5:18  Siege Tank  
  59  5:21  SCV  
  59  5:23  SCV  
  59  5:26  Viking x2  
  63  5:29  Marine  
  63  5:33  SCV  
  63  5:35  SCV, Supply Depot  
  66  5:45  SCV, Supply Depot  
  66  5:47  SCV  
  66  5:48  Marine  
  69  5:50  Siege Tank  
  69  5:55  Viking  
  74  5:57  SCV  
  74  5:59  Viking  
  74  6:01  SCV  
  78  6:08  Supply Depot  
  78  6:10  SCV  
  79  6:13  SCV  
  76  6:20  Marine  
  76  6:22  SCV, Siege Tank  
  74  6:26  SCV  
  74  6:31  Viking  
  74  6:32  Command Center  
  76  6:34  SCV  
  76  6:35  Liberator  
  80  6:40  Refinery  
  80  6:45  Marine  
  81  6:52  SCV x2  
  81  6:53  Supply Depot  
  60  7:01  Viking  
  83  7:02  Siege Tank  
  83  7:03  Marine  
  83  7:05  SCV x2  
  91  7:17  SCV x2  
  91  7:20  Viking  
  95  7:26  Stimpack  
  95  7:27  Marine  
  96  7:30  Barracks  
  96  7:31  Viking  
  96  7:32  Barracks  
  96  7:33  SCV x2  
  100  7:45  SCV x2  
  100  7:48  Marine  
  100  7:49  Orbital Command  
  100  7:50  Viking  
  105  7:55  Engineering Bay x2, Siege Tank  
  105  7:57  SCV  
  105  7:58  SCV  
  110  8:01  Viking  
  112  8:06  Marine  
  112  8:09  SCV  
  112  8:10  SCV  
  105  8:20  Viking  
  105  8:22  SCV x2  
  110  8:28  Orbital Command  
  110  8:31  Viking  
  110  8:34  SCV  
  112  8:35  Marine x2  
  112  8:36  Marine  
  112  8:37  SCV  
  116  8:46  SCV  
  117  8:53  SCV  
  113  8:58  SCV  
  113  9:00  Barracks  
  112  9:10  Refinery  
  112  9:12  Refinery  
Tags
 
Add a new tag
Caveats
  • Supply blocks, unpowered buildings, or Contaminate may cause inaccurate times.
  • Supply counts are checked every 10 seconds.